PL
DETROIT RENAISSANCE @ OAKLAND OAKS
07/16/2026
 
TOP OF THE 1ST
Detroit Renaissance batting - Pitching for Oakland Oaks : RHP Matt Webber
Pitching: RHP Matt Webber
Batting: RHB Eric D'Angle 0-0: Ball
1-0: Called Strike
1-1: Foul Ball, location: 2F
1-2: Ball
2-2: Foul Ball, location: 2F
2-2: SINGLE (Groundball, 6MD)
Batting: RHB Bernardo Herrera 0-0: Called Strike
0-1: Called Strike
0-2: Ball
1-2: SINGLE (Line Drive, 7S)
Eric D'Angle to second
Batting: SHB Terumoto Kurihara 0-0: Ball
1-0: Ball
2-0: DOUBLE (Line Drive, 89M)
Eric D'Angle scores
Bernardo Herrera to third
Runner from 3rd tries for Home, throw and OUT!
Batting: LHB Juan González 0-0: Called Strike
0-1: SINGLE (Line Drive, 8RS)
Terumoto Kurihara to third
Batting: LHB Michael Neely 0-0: Foul Ball, location: 2F
0-1: Ball
1-1: Ball
2-1: Ball
3-1: Fielders Choice at 2nd, 4-6 (Groundball, 34)
Terumoto Kurihara scores
Batting: LHB Yoichibei Sato 0-0: Called Strike
0-1: Ground out 6-3 (Groundball, 56D)
Top of the 1st over - 2 run(s), 4 hit(s), 0 error(s), 1 left on base; Detroit 2 - Oakland 0
BOTTOM OF THE 1ST
Oakland Oaks batting - Pitching for Detroit Renaissance : RHP Domingo Ramírez
Pitching: RHP Domingo Ramírez
Batting: LHB Jorge Vargas 0-0: Foul Ball, location: 2F
0-1: Called Strike
0-2: DOUBLE (Flyball, 89XD)
Batting: LHB Edwin Church 0-0: Called Strike
0-1: SINGLE (Groundball, 15S) (infield hit)
Jorge Vargas to third
Batting: SHB Luis Luquín 0-0: Called Strike
0-1: Ball
1-1: Foul Ball, location: 2F
1-2: Strikes out swinging
Batting: LHB Todd Henry 0-0: Ball
1-0: Ball
2-0: Swinging Strike
2-1: SINGLE (Groundball, 34D)
Jorge Vargas scores
Edwin Church to second
Batting: LHB Todd Williams 0-0: Called Strike
0-1: Swinging Strike
0-2: Ball
1-2: Ball
2-2: Ball
3-2: Foul Ball, location: 2F
3-2: Foul Ball, location: 2F
3-2: Grounds into double play, 6-4-3 (Groundball, 6M)
Bottom of the 1st over - 1 run(s), 3 hit(s), 0 error(s), 1 left on base; Detroit 2 - Oakland 1
TOP OF THE 2ND
Detroit Renaissance batting - Pitching for Oakland Oaks : RHP Matt Webber
Batting: RHB Ludwig Kluge 0-0: Called Strike
0-1: Ground out 3-1 (Groundball, 34)
Batting: LHB Gustavo Cortéz 0-0: Called Strike
0-1: Called Strike
0-2: Foul Ball, location: 2F
0-2: Strikes out swinging
Batting: RHB Kyle Bywaters 0-0: SINGLE (Flyball, 9LS)
Batting: RHB Eric D'Angle 0-0: Called Strike
Throwing error on steal attempt, E2
Kyle Bywaters to third
0-1: Foul Ball, location: 2F
0-2: Strikes out swinging
Top of the 2nd over - 0 run(s), 1 hit(s), 1 error(s), 1 left on base; Detroit 2 - Oakland 1
BOTTOM OF THE 2ND
Oakland Oaks batting - Pitching for Detroit Renaissance : RHP Domingo Ramírez
Batting: LHB Mal Wadley 0-0: SINGLE (Groundball, 34S) (infield hit)
Batting: LHB Jesús Quintanilla 0-0: Ball
1-0: Called Strike
1-1: Ball
2-1: SINGLE (Groundball, 3D)
Mal Wadley to second
Runner from 2nd tries for 3rd, SAFE, throw made to third
Batting: RHB Micah Coffey 0-0: Ball
1-0: Fly out, F8 (Flyball, 8LD)
Runner from 3rd tags up, SCORES, no throw
Batting: RHB Tetsunori Kimura 0-0: Called Strike
0-1: Called Strike
Jesús Quintanilla steals 2nd base
0-2: Strikes out looking
Batting: LHB Jorge Vargas 0-0: Swinging Strike
0-1: Foul Ball, location: 2F
0-2: Ground out U3 (Groundball, 3)
Bottom of the 2nd over - 1 run(s), 2 hit(s), 0 error(s), 1 left on base; Detroit 2 - Oakland 2
TOP OF THE 3RD
Detroit Renaissance batting - Pitching for Oakland Oaks : RHP Matt Webber
Batting: RHB Bernardo Herrera 0-0: Ball
1-0: Ball
2-0: Fly out, F5 (Line Drive, 56S)
Batting: SHB Terumoto Kurihara 0-0: Ball
1-0: Swinging Strike
1-1: Foul Ball, location: 2F
1-2: Ball
2-2: Foul Ball, location: 2F
2-2: Foul Ball, location: 2F
2-2: Strikes out swinging
Batting: LHB Juan González 0-0: Swinging Strike
0-1: Ball
1-1: Foul Ball, location: 2F
1-2: Ball
2-2: Ball
3-2: Foul Ball, location: 2F
3-2: Foul Ball, location: 2F
3-2: Foul Ball, location: 2F
3-2: Fly out, F8 (Flyball, 89D)
Top of the 3rd over - 0 run(s), 0 hit(s), 0 error(s), 0 left on base; Detroit 2 - Oakland 2
BOTTOM OF THE 3RD
Oakland Oaks batting - Pitching for Detroit Renaissance : RHP Domingo Ramírez
Batting: LHB Edwin Church 0-0: Ball
1-0: Foul Ball, location: 2F
1-1: Ground out 4-3 (Groundball, 4)
Batting: SHB Luis Luquín 0-0: Foul Ball, location: 2F
0-1: Ball
1-1: Ball
2-1: TRIPLE (Flyball, 89D)
Batting: LHB Todd Henry 0-0: Swinging Strike
0-1: Swinging Strike
0-2: Foul Ball, location: 2F
0-2: Ball
1-2: Ball
2-2: Ground out 4-3 (Groundball, 4)
Luis Luquín scores
Batting: LHB Todd Williams 0-0: Foul Ball, location: 2F
0-1: Fly out, F9 (Line Drive, 9D)
Bottom of the 3rd over - 1 run(s), 1 hit(s), 0 error(s), 0 left on base; Detroit 2 - Oakland 3
TOP OF THE 4TH
Detroit Renaissance batting - Pitching for Oakland Oaks : RHP Matt Webber
Batting: LHB Michael Neely 0-0: Ball
1-0: Ball
2-0: Foul Ball, location: 2F
2-1: Called Strike
2-2: Ball
3-2: Base on Balls
Batting: LHB Yoichibei Sato 0-0: Ball
1-0: Ball
2-0: Fly out, F4 (Line Drive, 4)
Batting: RHB Ludwig Kluge 0-0: Called Strike
0-1: Ball
1-1: Fly out, F9 (Flyball, 89S)
Batting: LHB Gustavo Cortéz 0-0: Foul Ball, location: 2F
0-1: Ball
1-1: Fielders Choice at 2nd, 4-6 (Groundball, 4)
Top of the 4th over - 0 run(s), 0 hit(s), 0 error(s), 0 left on base; Detroit 2 - Oakland 3
BOTTOM OF THE 4TH
Oakland Oaks batting - Pitching for Detroit Renaissance : RHP Domingo Ramírez
Batting: LHB Mal Wadley 0-0: Ball
1-0: Swinging Strike
1-1: Fly out, F8 (Flyball, 8RS)
Batting: LHB Jesús Quintanilla 0-0: Ball
1-0: Called Strike
1-1: Foul Ball, location: 2F
1-2: Ball
2-2: Foul Ball, location: 2F
2-2: Ball
3-2: Foul Ball, location: 2F
3-2: Base on Balls
Batting: RHB Micah Coffey 0-0: Ball
Jesús Quintanilla is caught stealing 2nd base
1-0: Called Strike
1-1: Called Strike
1-2: Fly out, F8 (Flyball, 8RD)
Bottom of the 4th over - 0 run(s), 0 hit(s), 0 error(s), 0 left on base; Detroit 2 - Oakland 3
TOP OF THE 5TH
Detroit Renaissance batting - Pitching for Oakland Oaks : RHP Matt Webber
Batting: RHB Kyle Bywaters 0-0: Called Strike
0-1: Ball
1-1: Ground out U3 (Groundball, 34)
Batting: RHB Eric D'Angle 0-0: Ball
1-0: DOUBLE (Flyball, 78D)
Batting: RHB Bernardo Herrera 0-0: Called Strike
0-1: Called Strike
0-2: Ground out 5-3 (Groundball, 56S)
Eric D'Angle to third
Batting: SHB Terumoto Kurihara 0-0: Called Strike
0-1: Ball
1-1: Ground out 4-3 (Groundball, 4)
Top of the 5th over - 0 run(s), 1 hit(s), 0 error(s), 1 left on base; Detroit 2 - Oakland 3
BOTTOM OF THE 5TH
Oakland Oaks batting - Pitching for Detroit Renaissance : RHP Domingo Ramírez
Batting: RHB Tetsunori Kimura 0-0: Ball
1-0: Ground out 3-1 (Groundball, 34S)
Batting: LHB Jorge Vargas 0-0: Swinging Strike
0-1: Swinging Strike
0-2: Foul Ball, location: 2F
0-2: Ball
1-2: SINGLE (Groundball, 34D)
Batting: LHB Edwin Church 0-0: Ball
1-0: SINGLE (Groundball, 34S) (infield hit)
Jorge Vargas to second
Batting: SHB Luis Luquín 0-0: Called Strike
0-1: Grounds into double play, 4-6-3 (Groundball, 4M)
Bottom of the 5th over - 0 run(s), 2 hit(s), 0 error(s), 1 left on base; Detroit 2 - Oakland 3
TOP OF THE 6TH
Detroit Renaissance batting - Pitching for Oakland Oaks : RHP Matt Webber
Batting: LHB Juan González 0-0: SINGLE (Groundball, 4S) (infield hit)
Batting: LHB Michael Neely 0-0: Swinging Strike
0-1: Swinging Strike
0-2: Ground out 4-3 (Groundball, 34)
Juan González to second
Batting: LHB Yoichibei Sato 0-0: Ground out 5-3 (Groundball, 5S)
Juan González to third
Batting: RHB Ludwig Kluge 0-0: Foul Ball, location: 2F
0-1: Ball
1-1: SINGLE (Line Drive, 8RS)
Juan González scores
Batting: LHB Gustavo Cortéz 0-0: Called Strike
Ludwig Kluge steals 2nd base
0-1: Ball
1-1: Called Strike
1-2: Foul Ball, location: 2F
1-2: Ball
2-2: Ball
3-2: Base on Balls
Batting: RHB Kyle Bywaters 0-0: Called Strike
0-1: Called Strike
0-2: DOUBLE (Line Drive, 9LM)
Ludwig Kluge scores
Gustavo Cortéz to third
Runner from 3rd tries for Home, SAFE, throw made home
Pitching: RHP Júlio Maes
Batting: RHB Eric D'Angle 0-0: Ball
1-0: Ball
2-0: Called Strike
2-1: Foul Ball, location: 2F
2-2: Foul Ball, location: 2F
2-2: Strikes out swinging
Top of the 6th over - 3 run(s), 3 hit(s), 0 error(s), 1 left on base; Detroit 5 - Oakland 3
BOTTOM OF THE 6TH
Oakland Oaks batting - Pitching for Detroit Renaissance : RHP Domingo Ramírez
Batting: LHB Todd Henry 0-0: Ball
1-0: Called Strike
1-1: SINGLE (Groundball, 34D)
Batting: LHB Todd Williams 0-0: Fly out, F7 (Flyball, 7S)
Batting: LHB Mal Wadley 0-0: Called Strike
0-1: Grounds into double play, 1-4-3 (Groundball, 15S)
Bottom of the 6th over - 0 run(s), 1 hit(s), 0 error(s), 0 left on base; Detroit 5 - Oakland 3
TOP OF THE 7TH
Detroit Renaissance batting - Pitching for Oakland Oaks : RHP Júlio Maes
Batting: RHB Bernardo Herrera 0-0: Swinging Strike
0-1: Ground out 5-3 (Groundball, 56)
Batting: SHB Terumoto Kurihara 0-0: Called Strike
0-1: Foul Ball, location: 2F
0-2: Fly out, F7 (Flyball, 78S)
Batting: LHB Juan González 0-0: Swinging Strike
0-1: Called Strike
0-2: Ball
1-2: Strikes out looking
Top of the 7th over - 0 run(s), 0 hit(s), 0 error(s), 0 left on base; Detroit 5 - Oakland 3
BOTTOM OF THE 7TH
Oakland Oaks batting - Pitching for Detroit Renaissance : RHP Domingo Ramírez
Batting: LHB Jesús Quintanilla 0-0: Called Strike
0-1: SINGLE (Line Drive, 8RS)
Batting: RHB Micah Coffey 0-0: Single, Error in OF, E9, batter to second base
Jesús Quintanilla to third
Batting: RHB Tetsunori Kimura 0-0: Ball
1-0: DOUBLE (Flyball, 89XD)
Jesús Quintanilla scores
Micah Coffey scores
Batting: LHB Jorge Vargas 0-0: Ground out 3-1 (Groundball, 34S)
Tetsunori Kimura to third
Batting: LHB Edwin Church 0-0: Ball
1-0: Ball
2-0: Ball
3-0: Base on Balls
Batting: SHB Luis Luquín 0-0: Swinging Strike
0-1: Ball
1-1: SINGLE (Line Drive, 6M)
Tetsunori Kimura scores
Edwin Church to second
Batting: LHB Todd Henry 0-0: Ball
1-0: Ball
2-0: Fly out, F9 (Flyball, 9)
Batting: LHB Todd Williams 0-0: Ball
1-0: Swinging Strike
1-1: Ball
2-1: Fly out, F9 (Line Drive, 89D)
Bottom of the 7th over - 3 run(s), 4 hit(s), 1 error(s), 2 left on base; Detroit 5 - Oakland 6
TOP OF THE 8TH
Detroit Renaissance batting - Pitching for Oakland Oaks : RHP Júlio Maes
Pitching: RHP Mark Simmons
Batting: LHB Michael Neely 0-0: Ball
1-0: Ball
2-0: Called Strike
2-1: Ball
3-1: Called Strike
3-2: Base on Balls
Batting: LHB Yoichibei Sato 0-0: Ball
1-0: Bunted foul
1-1: Bunted foul
1-2: Ball
2-2: SINGLE (Flyball, 89S)
Michael Neely to second
Pitching: RHP Gil Brown
Pinch Runner at 2nd Valentín Guzmán:
Batting: RHB Ludwig Kluge 0-0: Ball
1-0: Foul Ball, location: 2F
1-1: Foul Ball, location: 2F
1-2: Foul Ball, location: 2F
1-2: Foul Ball, location: 2F
1-2: Strikes out swinging
Pitching: RHP Júlio Saldańa
Batting: LHB Gustavo Cortéz 0-0: Grounds into double play, 4-6-3 (Groundball, 4M)
Top of the 8th over - 0 run(s), 1 hit(s), 0 error(s), 1 left on base; Detroit 5 - Oakland 6
BOTTOM OF THE 8TH
Oakland Oaks batting - Pitching for Detroit Renaissance : RHP Domingo Ramírez
Now at 1B: Lonnie Conrad
Batting: LHB Mal Wadley 0-0: Foul Ball, location: 2F
0-1: Fly out, F9 (Flyball, 9S)
Batting: LHB Jesús Quintanilla 0-0: Ball
1-0: Fly out, F6 (Popup, 6D)
Batting: RHB Micah Coffey 0-0: Ball
1-0: Reaches on Catchers interference
Batting: RHB Tetsunori Kimura 0-0: Ball
Micah Coffey is caught stealing 2nd base
Bottom of the 8th over - 0 run(s), 0 hit(s), 1 error(s), 0 left on base; Detroit 5 - Oakland 6
TOP OF THE 9TH
Detroit Renaissance batting - Pitching for Oakland Oaks : RHP Júlio Saldańa
Pitching: RHP José Caballero
Batting: RHB Kyle Bywaters 0-0: Fly out, F7 (Flyball, 7)
Batting: RHB Eric D'Angle 0-0: Called Strike
0-1: Ball
1-1: Ground out 5-3 (Groundball, 5)
Pinch Hitting: LHB Mike Silver 0-0: Foul Ball, location: 2F
0-1: Ground out 4-3 (Groundball, 4)
Top of the 9th over - 0 run(s), 0 hit(s), 0 error(s), 0 left on base; Detroit 5 - Oakland 6
Monday, March 20th, 2017 - OOTP Baseball 17.12 Build 75